 Dungeon Crawl Stone Soup version 0.31-a0-971-g75a2e9a4b4 (webtiles) character file.

Game seed: 5558519247323497410

2501 Xavori the Ducker (level 9, -1/66 HPs)
             Began as a Djinni Chaos Knight on Oct 29, 2023.
             Was a Plaything of Xom.
             Shot with an arrow by an orc warrior (11 damage)
             ... on level 8 of the Dungeon.
             The game lasted 00:06:09 (8136 turns).

Xavori the Ducker (Djinni Chaos Knight)             Turns: 8136, Time: 00:06:09

Health: -1/66      AC:  7    Str: 10    XL:     9   Next: 82%
Gold:   183        EV: 14    Int: 18    God:    Xom [.*....] SH:  9 Dex: 16

rFire   + + .        k - +3 demon blade "Fub Ymet" {vamp, Will- rCorr SInv}
rCold   x . .        q - +0 buckler
rNeg    . . .        K - +0 steam dragon scales
rPois   ∞            r - +1 hat
rElec   .            (no cloak)
rCorr   +            (no gloves)
SInv    +            (boots unavailable)
Will    .....        f - amulet of reflection
Stlth   +            d - ring of willpower
HPRegen 0.31/turn    n - ring of wizardry
MPRegen 0.00/turn

%: reflection, clarity, wizardry (x1), infuse magic (-2 HP)
@: flying
A: sickness immunity, fire resistance 2, cold vulnerability 1, float, innate
caster, HP casting, extra vitality 1, claws 1, horns 1, clarity, clever 1
a: Renounce Religion


You were on level 8 of the Dungeon.
You worshipped Xom.
You were a plaything of Xom.
You visited 1 branch of the dungeon, and saw 8 of its levels.

You collected 338 gold pieces.
You spent 155 gold pieces at shops.

Inventory:

Hand Weapons
 a - a +0 falchion of chaos
 k - the +3 demon blade "Fub Ymet" (weapon) {vamp, Will- rCorr SInv}
   (Xom gifted it to you on level 1 of the Dungeon)

   Will-:     It decreases your willpower.
   SInv:      It lets you see invisible.
   rCorr:     It protects you from acid and corrosion.
Armour
 b - a +2 leather armour
 q - a +0 buckler (worn)
 r - a +1 hat (worn)
 K - +0 steam dragon scales (worn)
Jewellery
 d - a ring of willpower (left claw)
 f - an amulet of reflection (around neck)
 n - a ring of wizardry (right claw)
 p - a ring of protection from fire
 u - a ring of wizardry
Talismans
 o - a granite talisman
Wands
 y - a wand of flame (13)
 J - a wand of polymorph (6)
Scrolls
 c - a scroll of butterflies
 h - a scroll of brand weapon {unknown}
 l - 4 scrolls of enchant armour
 t - a scroll of noise
 B - a scroll of silence
 E - 3 scrolls of teleportation
 F - a scroll of summoning {unknown}
 I - 3 scrolls of immolation {unknown}
 L - a scroll of identify
Potions
 e - a potion of haste {unknown}
 g - 6 potions of curing
 i - a potion of attraction {unknown}
 j - 2 potions of enlightenment {unknown}
 m - 2 potions of heal wounds
 s - a potion of cancellation {unknown}
 v - a potion of brilliance {unknown}
 w - a potion of experience {unknown}
 x - 2 potions of mutation {unknown}
 z - a potion of invisibility {unknown}
 A - a potion of degeneration
 C - 2 potions of berserk rage {unknown}
 D - a potion of magic {unknown}
 G - a potion of might
 H - a potion of resistance {unknown}


   Skills:
 + Level 6.1 Fighting
 + Level 5.5 Long Blades
 + Level 5.3 Armour
 + Level 6.2 Dodging
 * Level 4.7 Spellcasting
 * Level 4.7 Conjurations
 * Level 4.7 Hexes
   Level 0.0 Charms
 * Level 4.7 Summonings
 * Level 4.7 Necromancy
 * Level 4.7 Translocations
 * Level 4.7 Transmutations
 * Level 4.7 Fire Magic
 * Level 4.7 Ice Magic
 * Level 4.7 Air Magic
 * Level 4.7 Earth Magic
 * Level 4.7 Poison Magic


You knew the following spells:

 Your Spells              Type           Power      Damage    Failure   Level
a - Sting                 Tmut/Pois      84%        1d7       1%          1
b - Lesser Beckoning      Tloc           42%        N/A       1%          2
c - Tukima's Dance        Hex            21%        N/A       3%          3
d - Vampiric Draining     Necr           21%        2d7       3%          3
Your spell library was empty.

Dungeon Overview and Level Annotations

Branches:
Dungeon (8/15)             Temple (0/1) D:7
   Lair: D:8-11

Altars:
Yredelemnul

Shops:
D:3 !   D:5 !   D:7 (

Annotations:
D:4 1 runed translucent door, Gormless's ghost, amateur DrWn
D:7 2 transporters, Maxmaps's ghost, novice OpSh


Innate Abilities, Weirdness & Mutations

You are immune to sickness and miasma.
You are immune to poison.
Your flesh is very heat resistant. (rF++)
You are vulnerable to cold. (rC-)
You float through the air rather than walking.
You learn spells naturally, not from books.
Your magical power is your life essence.
You have superior vitality. (+4 MHP)
You have sharp fingernails.
You have a pair of small horns on your head.
You possess an exceptional clarity of mind.
Your mind is acute. (Int +4, Str/Dex -1)


Message History

You block the orc's attack.
You closely miss the orc. You headbutt the orc, but do no damage.
The wyvern barely misses you. The orc closely misses you.
An orc priest comes into view. It is wielding a +0 hand axe.
You barely miss the wyvern. You headbutt the wyvern.
The wyvern is lightly wounded.
The wyvern hisses menacingly.
The wyvern bites you! You block the orc's attack.
You barely miss the wyvern.
The wyvern is lightly wounded.
The wyvern barely misses you. The wyvern bites you.
The orc hits you but does no damage.
An orc warrior comes into view.
It is wielding a +2 glaive of protection.
You hit the wyvern.
You feel better.
The wyvern is moderately wounded.
The wyvern misses you. The orc barely misses you. The wyvern bites you!
You hit the orc but do no damage. The wyvern bites you.
The orc warrior barely misses you.
You closely miss the orc priest. Your headbutt misses the orc priest.
The wyvern misses you. The orc barely misses you.
You block the orc priest's attack. The orc warrior closely misses you.
The wyvern bites you!
Unknown command.
You slash the orc priest!
You feel better.
You headbutt the orc priest, but do no damage.
The orc priest is almost dead.
The wyvern closely misses you. You block the orc's attack.
The orc priest misses you.
The orc warrior hits you from afar with a +2 glaive of protection!
An orc priest comes into view. It is wielding a +0 falchion.
You slash the orc priest!
You feel better.
You kill the orc priest!
The wyvern bites you!
* * * LOW HITPOINT WARNING * * *
You block the orc's attack.
The orc warrior unwields a +2 glaive of protection.
The orc warrior wields a +0 orcbow.
The orc warrior shoots an arrow.
The arrow hits you!
You die...
Xom titters!

. # #.....## #....
.......# .
+...........#.# ..
#..... ......# ...
.....#.#+#....# o..#
.##..#.#.#....#####....#
.##....#.#.##...olo...$#
.......#........@)...#
..##.......###..........
.......#...########..###
...#####..#........ .#
..........#........ .#
....#####.######### #
##..##.......#
....##.##.##.#
###.##.##.##.#


You could see an orc warrior, a wyvern, an orc priest and an orc.

Vanquished Creatures
  Sigmund (D:3)
  A steam dragon (D:7)
  A water moccasin (D:5)
  An ice beast (D:7)
  A sky beast (D:6)
  A black bear (D:7)
  An ogre (D:5)
  A centaur (D:7)
  2 kobold brigands (D:6)
  A bullfrog (D:7)
  A gnoll sergeant (D:5)
  2 scorpions
  3 jellies
  6 hounds
  7 orc priests
  2 iguanas
  A sleepcap (D:7)
  Natasha (thrice) (D:4)
  6 orc wizards
  13 adders
  4 gnolls (D:5)
  A white imp (D:6)
  4 ufetubi
  3 worms
  4 dart slugs
  23 orcs
  7 bats
  5 endoplasms
  4 giant cockroaches
  5 goblins
  7 hobgoblins
  5 jackals
  5 quokkas
  8 ball pythons
  4 frilled lizards
  19 kobolds
  3 rats
166 creatures vanquished.

Vanquished Creatures (collateral kills)
  Eustachio (D:5)
  An ogre (D:5)
2 creatures vanquished.

Grand Total: 168 creatures vanquished

Notes
Turn   | Place    | Note
-------+----------+-------------------------------------------
     0 | D:1      | Xavori the Djinni Chaos Knight began the quest for the Orb.
     0 | D:1      | Reached XP level 1. HP: 20/20 MP: 0/0
    61 | D:1      | XOM: silly message
   133 | D:1      | Reached XP level 2. HP: 25/25 MP: 0/0
   355 | D:1      | Reached XP level 3. HP: 30/30 MP: 0/0
   355 | D:1      | Learned a level 1 spell: Sting
   802 | D:1      | Reached skill level 1 in Spellcasting
   802 | D:1      | Reached skill level 1 in Conjurations
   802 | D:1      | Reached skill level 1 in Hexes
   802 | D:1      | Reached skill level 1 in Summonings
   802 | D:1      | Reached skill level 1 in Necromancy
   802 | D:1      | Reached skill level 1 in Translocations
   802 | D:1      | Reached skill level 1 in Transmutations
   802 | D:1      | Reached skill level 1 in Fire Magic
   802 | D:1      | Reached skill level 1 in Ice Magic
   802 | D:1      | Reached skill level 1 in Air Magic
   802 | D:1      | Reached skill level 1 in Earth Magic
   802 | D:1      | Reached skill level 1 in Poison Magic
   979 | D:1      | XOM: divination: detect creatures
  1273 | D:1      | XOM: divination: detect creatures
  1481 | D:1      | XOM: silly message
  1675 | D:1      | XOM: silly message
  2152 | D:1      | XOM: silly message
  2292 | D:1      | XOM: divination: detect creatures
  2743 | D:1      | XOM: cloud trail
  3293 | D:1      | XOM: give mutations
  3293 | D:1      | Gained mutation: You possess an exceptional clarity of
                  | mind. [Xom's grace]
  3293 | D:1      | Gained mutation: You have sharp fingernails. [Xom's grace]
  3642 | D:1      | Identified the +3 demon blade "Fub Ymet" {vamp, Will- rCorr
                  | SInv} (Xom gifted it to you on level 1 of the Dungeon)
  3642 | D:1      | XOM: god gift: +3 demon blade "Fub Ymet" {vamp, Will- rCorr
                  | SInv}
  3669 | D:2      | XOM: enchant monster (good)
  3674 | D:2      | Reached XP level 4. HP: 35/35 MP: 0/0
  3732 | D:2      | Found a faded altar of an unknown god.
  3779 | D:2      | Found a basalt altar of Yredelemnul.
  4156 | D:3      | Reached XP level 5. HP: 25/40 MP: 0/0
  4156 | D:3      | Learned a level 2 spell: Lesser Beckoning
  4304 | D:3      | Noticed Sigmund
  4316 | D:3      | Killed Sigmund
  4317 | D:3      | Reached XP level 6. HP: 47/47 MP: 0/0
  4426 | D:3      | XOM: smoke on damage
  4479 | D:3      | Reached XP level 7. HP: 52/52 MP: 0/0
  4479 | D:3      | Learned a level 3 spell: Tukima's Dance
  4523 | D:3      | Found Luw Zyur's Distillery.
  4530 | D:3      | Bought a potion of heal wounds for 65 gold pieces
  4530 | D:3      | Bought a potion of degeneration for 13 gold pieces
  4741 | D:4      | XOM: summons 4 hostile shadow creatures
  4772 | D:4      | Noticed Natasha
  4775 | D:4      | Killed Natasha
  4807 | D:4      | XOM: smoke on damage
  4877 | D:4      | Noticed Gormless's ghost (amateur DrWn)
  4880 | D:4      | Found a runed translucent door.
  5044 | D:4      | Noticed Natasha
  5049 | D:4      | Killed Natasha
  5050 | D:4      | XOM: smoke on damage
  5076 | D:4      | Noticed Natasha
  5081 | D:4      | Killed Natasha
  5193 | D:4      | XOM: polymorph iguana -> scorpion
  5449 | D:4      | XOM: give mutations
  5449 | D:4      | Gained mutation: You have a pair of small horns on your
                  | head. [Xom's grace]
  5449 | D:4      | Gained mutation: Your mind is acute. (Int +4, Str/Dex -1)
                  | [Xom's grace]
  5677 | D:5      | Entered Level 5 of the Dungeon
  5685 | D:5      | Reached XP level 8. HP: 51/58 MP: 0/0
  5721 | D:5      | Noticed Eustachio
  5734 | D:5      | XOM: summons 8 friendly demons
  5736 | D:5      | Killed Eustachio
  5883 | D:5      | Reached skill level 5 in Fighting
  5935 | D:5      | Reached skill level 5 in Dodging
  6105 | D:5      | Found Wuoc's Distillery.
  6111 | D:5      | Reached XP level 9. HP: 62/65 MP: 0/0
  6111 | D:5      | Learned a level 3 spell: Vampiric Draining
  6136 | D:5      | Bought a potion of curing for 33 gold pieces
  6136 | D:5      | Bought a potion of might for 44 gold pieces
  6543 | D:6      | Reached skill level 5 in Long Blades
  6552 | D:6      | XOM: 6-stop teleportation journey
  6577 | D:6      | XOM: noise
  6585 | D:6      | XOM: divination: detect items
  6684 | D:6      | XOM: confuse monster(s)
  6919 | D:6      | XOM: scenery: summon butterflies
  7026 | D:6      | XOM: noise
  7256 | D:7      | Reached skill level 5 in Armour
  7266 | D:7      | XOM: god gift: scimitar {god gift}
  7269 | D:7      | XOM: silly message
  7389 | D:7      | Found Fiuzen's Weapon Shop.
  7556 | D:7      | XOM: summons 2 friendly demons
  7662 | D:7      | Found a staircase to the Ecumenical Temple.
  7968 | D:7      | XOM: scenery: 1 doors close
  8007 | D:7      | Noticed Maxmaps's ghost (novice OpSh)
  8008 | D:7      | Found a transporter.
  8009 | D:7      | Identified the +11 dire flail "Qadwiemm" {holy, Int+2}
  8009 | D:7      | Noticed a two-headed ogre
  8010 | D:7      | Found a transporter.
  8136 | D:8      | Shot with an arrow by an orc warrior

Illustrated notes

Levels and vault maps discovered:
D:1:      dpeg_arrival_renting, layout_basic, bh_walls_and_bars
D:2:      layout_basic, basic_altar, shapermc_ecumenical_altar_mp_urbaneastern
D:3:      layout_rooms, serial_shops, shop, st_stairs_11,
          minmay_misc_feat_nine_boxes, minmay_fractal_squares_diagonal_5,
          uniq_sigmund
D:4:      layout_loops_corners, gammafunk_ghost_grave, minmay_snake_closets,
          uniq_natasha
D:5:      layout_basic, serial_shops, shop, uniq_eustachio
D:6:      layout_basic
D:7:      black_bear_nest_2, layout_basic, minmay_temple_entry_proselytizer,
          serial_shops, nicolae_shop_behind_doors, gammafunk_ghost_smash
D:8:      layout_basic, st_stairs_5, uniq_maggie

Skill      XL: |  1  2  3  4  5  6  7  8  9 |
---------------+----------------------------+-----
Long Blades    | 3 4 5 |  5.5
Spellcasting   | 1 2 3 4 |  4.7
Conjurations   | 1 2 3 4 |  4.7
Hexes          | 1 2 3 4 |  4.7
Summonings     | 1 2 3 4 |  4.7
Necromancy     | 1 2 3 4 |  4.7
Translocations | 1 2 3 4 |  4.7
Transmutations | 1 2 3 4 |  4.7
Fire Magic     | 1 2 3 4 |  4.7
Ice Magic      | 1 2 3 4 |  4.7
Air Magic      | 1 2 3 4 |  4.7
Earth Magic    | 1 2 3 4 |  4.7
Poison Magic   | 1 2 3 4 |  4.7
Armour         | 2 3 4 5 |  5.3
Dodging        | 3 4 5 6 |  6.2
Fighting       | 4 5 6 |  6.1

Action                     |  1- 3 |  4- 6 |  7- 9 || total
---------------------------+-------+-------+-------++-------
  Melee: Falchion          |   103 |       |       ||   103
         Demon blade       |     6 |   102 |   309 ||   417
         Headbutt          |       |       |    46 ||    46
   Cast: Sting             |       |       |     2 ||     2
    Use: Scroll            |       |       |     6 ||     6
   Stab: Sleeping          |     1 |       |       ||     1
         Paralysed         |     4 |       |       ||     4
         Confused          |       |       |     1 ||     1
 Armour: Leather armour    |    53 |    56 |   120 ||   229
         Steam dragon scal |       |       |    21 ||    21
  Dodge: Dodged            |    73 |    82 |   133 ||   288
  Block: Buckler           |       |    15 |   135 ||   150
         Reflection        |       |       |     4 ||     4

Table legend: (Time is in decaauts)
 A = Elapsed time spent in this place.
 B = Non-inter-level travel time spent in this place.
 C = Inter-level travel time spent in this place.
 D = Time resting spent in this place.
 E = Time spent auto-exploring this place.
 F = Levels seen in this place.
 G = Mean time per level.
                   A        B        C        D        E       F      G
               +--------+--------+--------+--------+--------+-----+--------+
         Total |   8213 |   8059 |    154 |   2556 |   4335 |   8 | 1026.6 |
       Dungeon |   8213 |   8059 |    154 |   2556 |   4335 |   8 | 1026.6 |
               +--------+--------+--------+--------+--------+-----+--------+

Top non-repeatable levels by time:
     D:1: 3662 daAuts
     D:4: 1103 daAuts
     D:7: 850 daAuts
     D:5: 815 daAuts
     D:6: 744 daAuts
     D:3: 531 daAuts
     D:2: 430 daAuts
     D:8: 75 daAuts
